 Dungeon Crawl Stone Soup version 0.22.1-1-ga44c0e56f4 (webtiles) character file.

2924 Knicklaso the Spear-Bearer (level 9, -8/83 HPs)
             Began as a Grey Draconian Abyssal Knight on Oct 1, 2018.
             Was an Elder of Lugonu.
             Mangled by an orc warrior
             ... wielding a +2 vampiric halberd
              (19 damage)
             ... on level 6 of the Dungeon.
             The game lasted 00:32:50 (9679 turns).

Knicklaso the Spear-Bearer (DrAK)                   Turns: 9679, Time: 00:32:50

Health: -8/83      AC: 12    Str: 18    XL:     9   Next: 50%
Magic:  10/10      EV: 12    Int: 12    God:    Lugonu [****..]
Gold:   240        SH:  0    Dex: 11    Spells: 8/8 levels left

rFire    . . .     SeeInvis .   a - +0 blowgun
rCold    . . .     Gourm    .   (no shield)
rNeg     . . .     Faith    .   (armour unavailable)
rPois    .         Spirit   .   (helmet restricted)
rElec    .         Reflect  .   (no cloak)
rCorr    .         Harm     .   (no gloves)
MR       .....                  (no boots)
Stlth    +.........             (no amulet)
HPRegen  0.23/turn              (no ring)
MPRegen  0.12/turn              (no ring)

@: no status effects
A: walk through water, unfitting armour, mutation resistance 1, unbreathing,
cold-blooded, AC +12
a: Depart the Abyss, Bend Space, Banish, Corrupt, Renounce Religion


You were on level 6 of the Dungeon.
You worshipped Lugonu.
Lugonu was greatly pleased with you.
You were hungry.

You visited 1 branch of the dungeon, and saw 6 of its levels.
You visited the Abyss 1 time.
You also visited: Sewer and Ossuary.

You collected 240 gold pieces.

Inventory:

Hand Weapons
 a - a +0 blowgun (weapon)
 b - a +0 trident
 g - a +1 whip of electrocution
Missiles
 c - 194 stones
 D - 3 poisoned needles (quivered)
Jewellery
 d - a cursed -2 ring of evasion {unknown}
 f - a cursed ring of teleportation {unknown}
 o - a cursed ring of attention {unknown}
 s - an uncursed ring of fire
Wands
 x - a wand of disintegration (12)
Scrolls
 e - a scroll of magic mapping
 h - 6 scrolls of teleportation {unknown}
 j - 2 scrolls of noise {unknown}
 l - 2 scrolls of fear {unknown}
 q - 5 scrolls of remove curse {unknown}
 r - 9 scrolls of identify {unknown}
 u - a scroll of vulnerability {unknown}
 v - a scroll of enchant armour {unknown}
 y - a scroll of amnesia {unknown}
 z - 2 scrolls of blinking {unknown}
 B - 2 scrolls of fog {unknown}
Potions
 i - a potion of agility {unknown}
 k - 4 potions of curing
 m - 2 potions of haste
 n - a potion of degeneration {unknown}
 p - 5 potions of flight
 w - 2 potions of cancellation {unknown}
 A - 2 potions of might {unknown}
 C - a potion of brilliance {unknown}
 E - a potion of berserk rage {unknown}
Comestibles
 t - 6 rations


   Skills:
 + Level 9.0 Fighting
 * Level 10.9 Polearms
 - Level 2.1 Dodging
 - Level 2.0 Invocations


You had 8 spell levels left.
You didn't know any spells.
Your spell library contained the following spells:

 Spells                   Type           Power        Failure   Level  Hunger
 Confusing Touch          Hex            #.....       32%         1    ##.....
 Confuse                  Hex            #.......     69%         3    ####...
 Gell's Gravitas          Tloc           #.........   69%         3    ####...
 Petrify                  Tmut/Erth      #.......     97%         4    #####..
 Metabolic Englaciation   Hex/Ice        #.........   100%        5    ######.
 Yara's Violent Unravell  Hex/Tmut       #.........   100%        5    ######.


Dungeon Overview and Level Annotations

Branches:
Dungeon (6/15)             Temple (0/1) D:4

Altars:
Gozag
Makhleb

Annotations:
D:3 3 runed doors, dopezilla's ghost, amateur BaSk
D:5 3 runed doors, PeterQ's ghost, novice GnEn


Innate Abilities, Weirdness & Mutations

You can walk through water.
Your dull iron-grey scales are very hard. (AC +12)
You cannot fit into any form of body armour.
You can survive without breathing.
You are cold-blooded and may be slowed by cold attacks.
You are somewhat resistant to further mutation.


Message History

The orc warrior hits you from afar with a vampiric halberd!
* * * LOW HITPOINT WARNING * * *
There is an open door here.
Firing (i - inventory. (/) - cycle)
D - 5 poisoned needles (quivered)
Press: ? - help, Shift-Dir - straight line, f/p - orc warrior
Aim: an orc warrior, wielding a vampiric halberd and wearing a plate armour You shoot a poisoned needle.
The poisoned needle hits the orc warrior.
The orc warrior is poisoned.
The orc warrior is severely wounded.
The orc warrior hits you from afar with a vampiric halberd!
* * * LOW HITPOINT WARNING * * *
The orc warrior draws strength from your wounds!
Firing (i - inventory. (/) - cycle)
D - 4 poisoned needles (quivered)
Press: ? - help, Shift-Dir - straight line, f/p - orc warrior
Aim: an orc warrior, wielding a vampiric halberd and wearing a plate armour You shoot a poisoned needle.
The poisoned needle barely misses the orc warrior.
The orc warrior hits you from afar with a vampiric halberd!!
You die...

....[..'.........................
#####[##...(.........#######.####
#.##########.....'.....#.####
#####.# #.....#####.#.#...
......# #.........#.#.#.##
......# #........<).#.#.##
......# #.#...#######.....
......##########.#...#.........##
......)#.(,,...#@#<....#########
.......#.#**##.#'####...#########
####...#.# #...o...'............
#.......# #......##...#########
#.......# #.......'............
#.......# #......##............
#####.##.####............########
# #.##.#..(...(.#...##.......##
#####.##.#........#...##.......##


You could see an orc warrior.

Vanquished Creatures
  Pikel (D:5)
  Grinder (D:5)
  A water moccasin (D:5)
  A black bear (D:6)
  A sky beast (D:5)
  A phantom (D:6)
  An ice beast (D:6)
  A slave (D:5)
  An ogre (D:6)
  A centaur (D:6)
  2 big kobolds (Sewer)
  An elf zombie (Ossuary)
  Blork the orc (D:5)
  2 bullfrogs (D:6)
  2 jellies
  4 crimson imps
  3 centaur zombies (Ossuary)
  A quasit (D:5)
  2 hounds
  10 orc wizards
  2 human zombies (Ossuary)
  5 orc priests
  A bullfrog skeleton (D:6)
  An iguana (D:6)
  A worker ant (D:5)
  Robin (D:3)
  2 mummies (Ossuary)
  3 gnolls (D:3)
  9 adders
  A river rat (Sewer)
  2 oozes (Sewer)
  An adder zombie (Ossuary)
  4 worms
  2 dart slugs
  2 leopard geckos
  22 orcs
  4 ball pythons
  4 giant cockroaches
  12 goblins
  10 hobgoblins
  A quokka (D:6)
  A ball python skeleton (D:4)
  8 bats
  6 frilled lizards
  A goblin zombie (Ossuary)
  7 hobgoblin zombies (Ossuary)
  2 jackal zombies (Ossuary)
  16 kobolds
  10 kobold zombies (Ossuary)
  A leopard gecko zombie (D:5)
  9 orc zombies (Ossuary)
  A quokka skeleton (D:4)
  16 rats
  A rat zombie (Ossuary)
207 creatures vanquished.

Notes
Turn   | Place    | Note
-------+----------+-------------------------------------------
     0 | Abyss:1  | Knicklaso the Draconian Abyssal Knight began the quest for
                  | the Orb.
     0 | Abyss:1  | Reached XP level 1. HP: 19/19 MP: 2/2
    50 | Abyss:1  | Noticed a neqoxec
    51 | D:1      | Escaped the Abyss
   274 | D:1      | Reached XP level 2. HP: 26/26 MP: 3/3
   284 | D:1      | Reached * piety under Lugonu
   530 | D:1      | Reached skill level 3 in Polearms
   694 | D:1      | Reached XP level 3. HP: 33/33 MP: 4/4
  1105 | D:2      | Found a burning altar of Makhleb.
  1112 | D:2      | Reached XP level 4. HP: 38/40 MP: 5/5
  1390 | D:2      | Reached skill level 4 in Polearms
  1430 | D:2      | Reached ** piety under Lugonu
  2361 | D:3      | Reached XP level 5. HP: 29/47 MP: 6/6
  2803 | D:3      | Noticed dopezilla's ghost (amateur BaSk)
  2943 | D:3      | Found a runed gate.
  2943 | D:3      | Found a runed gate.
  2943 | D:3      | Found a runed gate.
  3344 | D:4      | Found a staircase to the Ecumenical Temple.
  3361 | D:4      | HP: 1/47 [orc priest/divine providence (11)]
  3697 | D:4      | Reached skill level 5 in Polearms
  3707 | D:4      | Reached skill level 5 in Fighting
  3707 | D:4      | Reached XP level 6. HP: 48/56 MP: 7/7
  3928 | D:4      | Noticed Robin
  3960 | D:3      | Killed Robin
  4066 | D:4      | Reached *** piety under Lugonu
  4391 | D:5      | Entered Level 5 of the Dungeon
  4459 | D:5      | Found a sand-covered staircase.
  4464 | Ossuary  | Entered an ossuary
  4609 | Ossuary  | Gained mutation: You are somewhat resistant to further
                  | mutation. [potion of mutation]
  4706 | Ossuary  | Reached skill level 6 in Polearms
  4993 | Ossuary  | Your scales start taking on a dull iron-grey colour.
  4993 | Ossuary  | Reached XP level 7. HP: 51/62 MP: 8/8
  4993 | Ossuary  | Gained mutation: You can survive without breathing. [Grey
                  | Draconian growth]
  4995 | Ossuary  | Reached **** piety under Lugonu
  5092 | D:5      | Noticed Grinder
  5134 | D:5      | Killed Grinder
  5134 | D:5      | Reached skill level 7 in Polearms
  5339 | D:5      | Found a runed gate.
  5466 | D:5      | Noticed Blork the orc
  5481 | D:5      | Killed Blork the orc
  5481 | D:5      | Reached skill level 8 in Polearms
  5481 | D:5      | Reached XP level 8. HP: 59/71 MP: 9/9
  5608 | D:5      | Found an opulent altar of Gozag.
  6056 | D:5      | Noticed Pikel
  6472 | D:5      | Killed Pikel
  6472 | D:5      | Reached skill level 9 in Polearms
  6616 | D:5      | Noticed PeterQ's ghost (novice GnEn)
  6617 | D:5      | Found a runed gate.
  6617 | D:5      | Found a runed gate.
  7114 | D:6      | Found a glowing drain.
  7142 | Sewer    | Entered a sewer
  7165 | Sewer    | Reached XP level 9. HP: 76/81 MP: 10/10
  7441 | Sewer    | Reached skill level 10 in Polearms
  7692 | D:5      | HP: 4/82 [acid (3)]
  9679 | D:6      | Mangled by an orc warrior

Skill      XL: |  1  2  3  4  5  6  7  8  9 |
---------------+----------------------------+-----
Polearms       | 3 4 5 6 8 9 10 | 10.9
Fighting       | 4 5 6 8 9 |  9.0
Dodging        | |  2.1
Invocations    | |  2.0

Action                   |  1- 3 |  4- 6 |  7- 9 || total
-------------------------+-------+-------+-------++-------
Melee: Spear             |   102 |   118 |       ||   220
       Tailslap          |     7 |    32 |    49 ||    88
       Trident           |       |   247 |   450 ||   697
 Fire: Blowgun           |       |    38 |    47 ||    85
Throw: Stone             |     5 |     5 |    10 ||    20
Invok: Depart the Abyss  |     1 |       |       ||     1
       Bend Space        |       |       |     5 ||     5
  Use: Potion            |       |     4 |     3 ||     7
       Scroll            |       |     1 |     1 ||     2
 Stab: Sleeping          |     1 |       |       ||     1
       Distracted        |       |       |     1 ||     1
  Eat: Chunk             |     1 |    10 |     7 ||    18
       Ration            |       |     1 |     2 ||     3
Armor: Skin              |    13 |    67 |   142 ||   222
Dodge: Dodged            |    45 |   124 |   177 ||   346
